[Event "ICC Open 2015"]
[Site "Internet Chess Club"]
[Date "2015.05.29"]
[Round "1"]
[White "CapilanoBridge"]
[Black "Ira57"]
[Result "1-0"]
[ICCResult "Black resigns"]
[WhiteElo "3166"]
[BlackElo "1952"]
[Opening "Anderssen's opening"]
[ECO "A00"]
[NIC "VO.14"]
[Time "19:00:44"]
[TimeControl "180+0"]

1. a3 e6 2. Nf3 d5 3. e3 Nf6 4. c4 Be7 5. Nc3 O-O 6. d4 b6 7. cxd5 Nxd5 8.
Bd3 Bb7 9. O-O Nd7 10. Nxd5 Bxd5 11. e4 Bb7 12. Qe2 c5 13. Rd1 Qc7 14. Be3
Rac8 15. Rac1 Qb8 16. Bb5 Rfd8 17. Bxd7 Rxd7 18. dxc5 Rxd1+ 19. Rxd1 Bxe4
20. cxb6 axb6 21. Bd4 Bd5 22. Bc3 Bd6 23. h3 h6 24. Nd4 Be7 25. Nf5 Bf8 26.
Ne3 Bc6 27. Qg4 Rd8 28. Nc4 Rxd1+ 29. Qxd1 Bd5 30. Ne3 Bc6 31. Qd4 Qc7 32.
Qe5 Qxe5 33. Bxe5 Bc5 34. Nc2 f6 35. Bd4 Bxd4 36. Nxd4 Bd5 37. Nb5 Kf7 38.
Nd6+ Ke7 39. Nc8+ Kd7 40. Nxb6+ Kc6 41. Nxd5 exd5 42. Kf1 Kb5 43. Ke2 Kc4
44. a4 Kb4 45. b3 f5 46. Kd3 g5 47. Kd4 {Black resigns} 1-0

[Event "ICC Open 2015"]
[Site "Internet Chess Club"]
[Date "2015.05.29"]
[Round "1"]
[White "Federicov"]
[Black "chesstempo2"]
[Result "1-0"]
[ICCResult "Black resigns"]
[WhiteElo "3140"]
[BlackElo "1947"]
[Opening "QGD Slav: 4.e3"]
[ECO "D11"]
[NIC "QP.08"]
[Time "19:01:30"]
[TimeControl "180+0"]

1. d4 d5 2. Nf3 Nf6 3. c4 c6 4. e3 e6 5. Bd3 Nbd7 6. b3 Be7 7. O-O O-O 8.
Bb2 b6 9. Nc3 Bb7 10. Qc2 h6 11. Rad1 Rc8 12. Rfe1 Qc7 13. e4 dxe4 14. Nxe4
Nxe4 15. Bxe4 Nf6 16. Bd3 c5 17. Qe2 Rfd8 18. Bb1 Qc6 19. d5 Qc7 20. dxe6
Rxd1 21. exf7+ Kxf7 22. Qe6+ Kf8 23. Rxd1 Rd8 24. Rxd8+ Qxd8 25. Bg6 Qd1+
26. Ne1 Bd5 27. cxd5 Qxd5 28. Qxd5 Nxd5 29. Nd3 b5 30. Be4 Nc7 31. Ne5 Ne6
32. Bd5 Nc7 33. Ng6+ Ke8 34. Bc6+ Kd8 35. Nxe7 Kxe7 36. Bxg7 c4 37. bxc4
bxc4 38. Bxh6 c3 39. Be4 Ke6 40. Bf4 Nb5 41. h4 Nd4 42. Kf1 Nf5 43. Bxf5+
Kxf5 44. Bc1 Ke4 45. Ke2 Kd4 46. h5 Kc4 47. h6 {Black resigns} 1-0

[Event "ICC Open 2015"]
[Site "Internet Chess Club"]
[Date "2015.05.29"]
[Round "1"]
[White "LMLLM"]
[Black "ehkopean"]
[Result "1-0"]
[ICCResult "Black resigns"]
[WhiteElo "2450"]
[BlackElo "1675"]
[Opening "Benko's opening"]
[ECO "A00"]
[NIC "VO.09"]
[Time "19:01:25"]
[TimeControl "180+0"]

1. g3 d5 2. Bg2 Nf6 3. d3 Bf5 4. Nd2 c6 5. Ngf3 h6 6. O-O e6 7. b3 Nbd7 8.
Bb2 Be7 9. c3 O-O 10. Re1 a5 11. e4 dxe4 12. dxe4 Bh7 13. Qe2 a4 14. Rad1
axb3 15. axb3 Ra2 16. Rb1 Nc5 17. Nd4 e5 18. b4 exd4 19. bxc5 Bxc5 20. cxd4
Bxd4 21. Bxd4 Qxd4 22. Red1 Qc3 23. Rxb7 Nxe4 24. Bxe4 Bxe4 25. Qxe4 Rxd2
26. Rdb1 Rd6 27. Qf3 Rf6 28. Qxc3 {Black resigns} 1-0

[Event "ICC Open 2015"]
[Site "Internet Chess Club"]
[Date "2015.05.29"]
[Round "1"]
[White "Peter-Patzer"]
[Black "fundador"]
[Result "1-0"]
[ICCResult "Black resigns"]
[WhiteElo "2041"]
[BlackElo "1383"]
[Opening "Ruy Lopez: old Steinitz defense"]
[ECO "C62"]
[NIC "RL.02"]
[Time "19:01:26"]
[TimeControl "180+0"]

1. e4 e5 2. Nf3 Nc6 3. Bb5 d6 4. O-O Bd7 5. d4 Nxd4 6. Nxd4 exd4 7. Bxd7+
Qxd7 8. Qxd4 f6 9. Nc3 Ne7 10. f4 Nc6 11. Qd3 O-O-O 12. Be3 Be7 13. b4 b6
14. Nd5 Rhe8 15. a4 Bf8 16. a5 Rxe4 17. Qxe4 Re8 18. Qd3 Qg4 19. axb6 axb6
20. Ra8+ Kd7 21. Rxe8 Kxe8 22. Nxc7+ Kd7 23. Nd5 h5 24. Nxb6+ Kc7 25. Nd5+
Kd7 26. b5 Ne7 27. Nxe7 Bxe7 28. b6 h4 29. h3 Qe6 30. b7 Kc7 31. Qb5 Kb8 32.
Ba7+ {Black resigns} 1-0

[Event "ICC Open 2015"]
[Site "Internet Chess Club"]
[Date "2015.05.29"]
[Round "1"]
[White "Prof-chess"]
[Black "HPG1947"]
[Result "1-0"]
[ICCResult "Black forfeits on time"]
[WhiteElo "2798"]
[BlackElo "1811"]
[Opening "Caro-Kann: Tartakower (fantasy) variation"]
[ECO "B12"]
[NIC "CK.02"]
[Time "19:00:38"]
[TimeControl "180+0"]

1. e4 c6 2. d4 d5 3. f3 e6 4. Nc3 Nf6 5. Bf4 Qb6 6. a3 Be7 7. Nge2 O-O 8. g4
c5 9. exd5 cxd4 10. Qxd4 Qxd4 11. Nxd4 Bc5 12. O-O-O Rd8 13. Nb3 Bf2 14. Bc4
exd5 15. Nxd5 Nxd5 16. Bxd5 Bb6 17. Rhe1 h6 18. Be4 {Black forfeits on time}
1-0

[Event "ICC Open 2015"]
[Site "Internet Chess Club"]
[Date "2015.05.29"]
[Round "1"]
[White "chessrex"]
[Black "franco"]
[Result "1-0"]
[ICCResult "Black checkmated"]
[WhiteElo "2075"]
[BlackElo "1319"]
[Opening "Blackmar gambit"]
[ECO "D00"]
[NIC "QP.08"]
[Time "19:00:41"]
[TimeControl "180+0"]

1. d4 d5 2. e4 dxe4 3. Nc3 Nf6 4. f3 exf3 5. Nxf3 Bg4 6. h3 Bh5 7. g4 Bg6 8.
Ne5 Nc6 9. Bb5 e6 10. Nxc6 bxc6 11. Bxc6+ Ke7 12. b3 Rb8 13. Ba3+ Qd6 14.
Bxd6+ cxd6 15. O-O Rc8 16. g5 Nh5 17. Qf3 Bf5 18. Be4 g6 19. Bxf5 gxf5 20.
Qxh5 Bg7 21. Rxf5 Bxd4+ 22. Kg2 exf5 23. Re1+ Kd7 24. Qxf7+ Kc6 25. Qc4+ Bc5
26. b4 Rhe8 27. Rxe8 Rxe8 28. bxc5 dxc5 29. Qd5+ Kb6 30. Qd6+ Ka5 31. Qxc5+
Ka6 32. Qb5# {Black checkmated} 1-0

[Event "ICC Open 2015"]
[Site "Internet Chess Club"]
[Date "2015.05.29"]
[Round "1"]
[White "siso"]
[Black "ShayCormac"]
[Result "0-1"]
[ICCResult "White resigns"]
[WhiteElo "1671"]
[BlackElo "2440"]
[Opening "Sicilian: Taimanov (Bastrikov) variation"]
[ECO "B47"]
[NIC "SI.40"]
[Time "19:01:08"]
[TimeControl "180+0"]

1. e4 c5 2. Nf3 e6 3. d4 cxd4 4. Nxd4 Nc6 5. Nc3 Qc7 6. Nb3 Nf6 7. Be3 a6 8.
g3 b5 9. a3 Bb7 10. Bg2 Ne5 11. O-O Nc4 12. Qe2 Nxb2 13. Nxb5 axb5 14. Qxb5
Ba6 15. Qg5 Bxf1 16. Rxf1 h6 17. Qh4 e5 18. f4 Nc4 19. fxe5 Nxe3 20. exf6
Nxf1 21. fxg7 Bxg7 22. Bxf1 Qxc2 23. Na5 Qc5+ {White resigns} 0-1

[Event "ICC Open 2015"]
[Site "Internet Chess Club"]
[Date "2015.05.29"]
[Round "1"]
[White "supermonkey"]
[Black "Kiborg95"]
[Result "0-1"]
[ICCResult "White checkmated"]
[WhiteElo "1838"]
[BlackElo "2835"]
[Opening "Pirc defense"]
[ECO "B07"]
[NIC "PU.08"]
[Time "19:00:53"]
[TimeControl "180+0"]

1. e4 d6 2. d4 Nf6 3. Nc3 e5 4. dxe5 dxe5 5. Qxd8+ Kxd8 6. Nf3 Bd6 7. Bc4
Ke8 8. Bg5 Nbd7 9. Nb5 Nxe4 10. Nxd6+ Nxd6 11. Bd5 f6 12. Bd2 c6 13. Bb3 Nc5
14. Bb4 Nxb3 15. axb3 Nf5 16. g4 Ne7 17. h3 Be6 18. Nd2 Nd5 19. Ba3 Nf4 20.
Ne4 Bd5 21. Nd6+ Kd7 22. Rh2 b6 23. O-O-O Ke6 24. Nf5 g6 25. Ne3 Rhd8 26. h4
Bf3 27. Rxd8 Rxd8 28. h5 g5 29. b4 b5 30. b3 Rd4 31. Kb2 Nd5 32. Rh3 Bxg4
33. Rg3 Bxh5 34. Rh3 Bg6 35. c4 Nxe3 36. fxe3 Rd2+ 37. Kc3 Rc2#
{White checkmated}
0-1

[Event "ICC Open 2015"]
[Site "Internet Chess Club"]
[Date "2015.05.29"]
[Round "1"]
[White "GGuseinov"]
[Black "Bleeksk"]
[Result "1-0"]
[ICCResult "Black resigns"]
[WhiteElo "3060"]
[BlackElo "1936"]
[Opening "French: Tarrasch, Guimard main line"]
[ECO "C04"]
[NIC "FR.15"]
[Time "19:01:25"]
[TimeControl "180+0"]

1. e4 e6 2. d4 d5 3. Nd2 Nc6 4. Ngf3 Nf6 5. e5 Nd7 6. Bd3 f6 7. exf6 Qxf6 8.
Nf1 Bd6 9. Ng3 e5 10. dxe5 Ndxe5 11. Nxe5 Nxe5 12. O-O O-O 13. f4 Nxd3 14.
Qxd3 c6 15. Bd2 Bd7 16. Bc3 Qf7 17. f5 Rae8 18. f6 Bc5+ 19. Kh1 g6 20. b4
Re3 21. Qd2 Bb6 22. a4 Rfe8 23. a5 Bc7 24. Bd4 R3e6 25. Qg5 Rf8 26. Nf5 Kh8
27. Nh6 {Black resigns} 1-0

[Event "ICC Open 2015"]
[Site "Internet Chess Club"]
[Date "2015.05.29"]
[Round "1"]
[White "kevinice"]
[Black "playformaximum"]
[Result "0-1"]
[ICCResult "White resigns"]
[WhiteElo "1885"]
[BlackElo "3006"]
[Opening "Queen's pawn: Keres defense"]
[ECO "A40"]
[NIC "QO.17"]
[Time "19:00:51"]
[TimeControl "180+0"]

1. d4 e6 2. c4 b6 3. a3 Bb7 4. Nc3 Nf6 5. Nf3 d5 6. cxd5 Nxd5 7. e3 Nxc3 8.
bxc3 Nd7 9. Bd3 c5 10. e4 Be7 11. Bf4 O-O 12. O-O cxd4 13. cxd4 Nf6 14. Qe2
Rc8 15. Rac1 Rxc1 16. Bxc1 Qc7 17. Bb2 Rc8 18. h3 Qd8 19. Qe3 Qf8 20. Ra1 h6
21. Ne5 Qd8 22. f4 Ne8 23. Qg3 Nd6 24. d5 Bf6 25. dxe6 fxe6 26. Qg4 Qe8 27.
Re1 h5 28. Qe2 Bxe5 29. fxe5 Nf7 30. Qxh5 Nh8 31. Qxe8+ Rxe8 32. Kf2 Ng6 33.
Ke3 Rc8 34. Rc1 Rxc1 35. Bxc1 Nxe5 36. Be2 Kf7 37. Bb2 Nd7 38. h4 Nc5 39. g4
Bxe4 40. h5 g5 41. Bf6 {White resigns} 0-1

[Event "ICC Open 2015"]
[Site "Internet Chess Club"]
[Date "2015.05.29"]
[Round "1"]
[White "RaiseTheCurve"]
[Black "BlitzorDDD"]
[Result "0-1"]
[ICCResult "White resigns"]
[WhiteElo "1953"]
[BlackElo "3170"]
[Opening "Van't Kruijs opening"]
[ECO "A00"]
[Time "19:00:56"]
[TimeControl "180+0"]

1. e3 g6 2. c3 Bg7 3. d4 Nf6 4. f4 O-O 5. Nf3 d6 6. Bd3 Nc6 7. O-O e5 8.
fxe5 dxe5 9. Nbd2 Qe7 10. e4 exd4 11. Nxd4 Ne5 12. Bc2 Rd8 13. Qe2 b6 14.
N2f3 Bb7 15. Bg5 c5 16. Nb3 a5 17. Rae1 Ba6 18. Qf2 Bxf1 19. Rxf1 h6 20.
Nxe5 hxg5 21. Nc6 Qe6 22. Nxd8 Rxd8 23. Qf3 g4 24. Qe3 Nd7 25. Qf4 Ne5 26.
Nc1 Kh7 27. Bb3 c4 28. Bc2 Bh6 29. Qg3 Rd2 30. Bd1 Rxb2 31. Ne2 Rxa2 32. Nf4
Bxf4 33. Qxf4 Kg7 34. Qe3 Qd6 35. Be2 Qd2 36. Qd4 Qxd4+ 37. cxd4 Rxe2 38.
dxe5 Rxe4 {White resigns} 0-1

[Event "ICC Open 2015"]
[Site "Internet Chess Club"]
[Date "2015.05.29"]
[Round "1"]
[White "Sertoespj"]
[Black "brizito"]
[Result "1-0"]
[ICCResult "Black forfeits on time"]
[WhiteElo "2304"]
[BlackElo "1536"]
[Opening "English: Carls' Bremen system"]
[ECO "A22"]
[NIC "EO.10"]
[Time "19:00:51"]
[TimeControl "180+0"]

1. c4 e5 2. Nc3 Nf6 3. g3 Bc5 4. Bg2 Nc6 5. e3 d6 6. Nge2 O-O 7. O-O Be6 8.
d4 exd4 9. exd4 Bb4 10. d5 Bxd5 11. Nxd5 Nxd5 12. cxd5 Ne5 13. Qb3 Bc5 14.
Be3 Bxe3 15. Qxe3 Re8 16. Nc3 Nc4 17. Qc1 Qf6 18. b3 Nb6 19. Ne4 Qd4 20. Rd1
Qb4 21. Qxc7 Rxe4 22. a3 Nxd5 23. axb4 Nxc7 24. Bxe4 Nb5 25. Bxb7
{Black forfeits on time}
1-0

[Event "ICC Open 2015"]
[Site "Internet Chess Club"]
[Date "2015.05.29"]
[Round "1"]
[White "spanner63"]
[Black "Shadeath"]
[Result "0-1"]
[ICCResult "White resigns"]
[WhiteElo "1863"]
[BlackElo "2921"]
[Opening "Owen defense"]
[ECO "B00"]
[NIC "VO.02"]
[Time "19:01:16"]
[TimeControl "180+0"]

1. e4 b6 2. d4 Bb7 3. Bd3 c5 4. d5 f5 5. exf5 Bxd5 6. Nf3 Nc6 7. Nc3 Bxf3 8.
Qxf3 Nf6 9. Bf4 Nd4 10. Qb7 Qc8 11. Qxc8+ Rxc8 12. Ba6 Rd8 13. Bc7 Nxc2+ 14.
Kd2 Nxa1 15. Rxa1 g6 16. fxg6 Bh6+ 17. Ke2 hxg6 18. Bxd8 Kxd8 19. h3 d5 20.
Rd1 e6 21. Bd3 g5 22. Nb5 Kd7 23. a4 a6 24. Nc3 Ra8 {White resigns} 0-1

[Event "ICC Open 2015"]
[Site "Internet Chess Club"]
[Date "2015.05.29"]
[Round "1"]
[White "supermouse"]
[Black "Piranha"]
[Result "1-0"]
[ICCResult "Black resigns"]
[WhiteElo "2723"]
[BlackElo "1788"]
[Opening "Réti v Dutch"]
[ECO "A04"]
[NIC "QP.11"]
[Time "19:01:06"]
[TimeControl "180+0"]

1. Nf3 f5 2. b3 Nf6 3. Bb2 e6 4. g3 g6 5. Bg2 Bg7 6. O-O O-O 7. c4 d6 8. d4
Nc6 9. Nc3 e5 10. dxe5 dxe5 11. Qxd8 Rxd8 12. Nb5 e4 13. Ne5 Ng4 14. Nxc6
bxc6 15. Bxg7 Kxg7 16. Nxc7 Rb8 17. Rad1 Rxd1 18. Rxd1 Rb7 19. Na6 Ne5 20.
Rd8 Be6 21. Nc5 Re7 22. f4 Ng4 23. Bh3 h5 24. Bxg4 hxg4 25. Kf2 Kf6 26. Rd6
{Black resigns}
1-0

[Event "ICC Open 2015"]
[Site "Internet Chess Club"]
[Date "2015.05.29"]
[Round "1"]
[White "chigamaster"]
[Black "Nightlife"]
[Result "1-0"]
[ICCResult "Black resigns"]
[WhiteElo "2918"]
[BlackElo "1860"]
[Opening "English: Neo-Catalan declined"]
[ECO "A14"]
[NIC "RE.11"]
[Time "19:01:44"]
[TimeControl "180+0"]

1. c4 e6 2. g3 d5 3. Bg2 Nf6 4. Nf3 Be7 5. O-O c6 6. b3 O-O 7. Bb2 b6 8. e3
Bb7 9. d3 Nbd7 10. Nbd2 Rc8 11. Rc1 dxc4 12. Nxc4 c5 13. Qe2 b5 14. Nce5
Nxe5 15. Nxe5 Bxg2 16. Kxg2 Qd5+ 17. Qf3 Rfd8 18. Rfd1 Qxf3+ 19. Kxf3 Nd5
20. d4 cxd4 21. Bxd4 Rxc1 22. Rxc1 Bf6 23. Nc6 Rf8 24. Bxa7 h6 25. e4 Nc3
26. e5 Nxa2 27. Ra1 Nc3 28. exf6 gxf6 29. Bd4 Nd5 30. Kg2 e5 31. Bc5 Rc8 32.
Ne7+ Nxe7 33. Bxe7 Rc3 34. Bxf6 Rxb3 35. h4 Kh7 36. h5 e4 37. Ra8
{Black resigns}
1-0

[Event "ICC Open 2015"]
[Site "Internet Chess Club"]
[Date "2015.05.29"]
[Round "1"]
[White "Snooze"]
[Black "Dlugy"]
[Result "0-1"]
[ICCResult "White forfeits on time"]
[WhiteElo "1905"]
[BlackElo "3021"]
[Opening "Caro-Kann: Steinitz variation"]
[ECO "B17"]
[NIC "CK.08"]
[Time "19:01:25"]
[TimeControl "180+0"]

1. e4 c6 2. d4 d5 3. Nd2 dxe4 4. Nxe4 Nd7 5. Nf3 Ngf6 6. Bd3 Nxe4 7. Bxe4
Nf6 8. Bd3 Bf5 9. O-O Bxd3 10. Qxd3 e6 11. Bg5 Be7 12. c3 O-O 13. Ne5 a5 14.
a4 Re8 15. Rfe1 Qb6 16. Re2 Rad8 17. Rae1 c5 18. Bxf6 Bxf6 19. Nxf7 Kxf7 20.
Qxh7 cxd4 21. Qh5+ Kg8 22. cxd4 Bxd4 23. Qh4 e5 24. h3 Rf8 25. Rf1 Rf4 26.
Qg5 Rdf8 27. Rd1 Bxf2+ 28. Kh2 Bd4 29. Rxd4 Qxd4 30. Rc2 R4f7 31. Qg6 Qf4+
32. Kh1 Qxa4 {White forfeits on time} 0-1

[Event "ICC Open 2015"]
[Site "Internet Chess Club"]
[Date "2015.05.29"]
[Round "1"]
[White "Gan-Od"]
[Black "receipt"]
[Result "1-0"]
[ICCResult "Black resigns"]
[WhiteElo "1732"]
[BlackElo "1057"]
[Opening "English: symmetrical, main line with d4"]
[ECO "A39"]
[NIC "EO.27"]
[Time "19:01:30"]
[TimeControl "180+0"]

1. c4 c5 2. Nc3 Nc6 3. Nf3 g6 4. g3 Bg7 5. Bg2 Nf6 6. O-O O-O 7. d4 b6 8.
dxc5 bxc5 9. Be3 d6 10. Ne5 Nxe5 11. Bxa8 Ba6 12. Bg2 Nxc4 13. Bc1 d5 14.
Nxd5 Nxd5 15. Bxd5 Nxb2 16. Bxb2 Bxb2 17. Rb1 Bg7 18. Bf3 Qxd1 19. Rfxd1 e6
20. Rdc1 c4 21. Bb7 Bxb7 22. Rxb7 c3 23. Rxa7 Rb8 24. Rc2 Rb2 25. Rxb2 cxb2
26. Rb7 Bd4 27. a4 f5 28. e3 Bc5 29. Rxb2 e5 30. a5 f4 31. gxf4 exf4 32.
exf4 h5 33. a6 Kf7 34. a7 Bxa7 35. Rb7+ Kf6 36. Rxa7 Kf5 37. Ra6 h4 38. h3
g5 39. fxg5 Kxg5 40. Ra4 Kh5 41. Kg2 Kg5 42. Rg4+ Kf5 43. Kf3 Ke5 44. Rxh4
{Black resigns}
1-0

[Event "ICC Open 2015"]
[Site "Internet Chess Club"]
[Date "2015.05.29"]
[Round "1"]
[White "Machinegun"]
[Black "LooneyBinJim"]
[Result "1-0"]
[ICCResult "Black resigns"]
[WhiteElo "2567"]
[BlackElo "1704"]
[Opening "Caro-Kann: two knights, 3...Bg4"]
[ECO "B10"]
[NIC "CK.01"]
[Time "19:01:16"]
[TimeControl "180+0"]

1. e4 c6 2. Nf3 d5 3. Nc3 Bg4 4. h3 dxe4 5. hxg4 exf3 6. Qxf3 e6 7. Bc4 Nf6
8. g5 Nd5 9. d3 Nd7 10. Ne4 Be7 11. Qg3 Qc7 12. Qxc7 Nxc7 13. Bf4 e5 14. Bd2
Nd5 15. O-O-O O-O-O 16. g3 f6 17. gxf6 gxf6 18. Rh5 Kc7 19. Rdh1 Nf8 20. Bh6
Ne6 21. Nc3 Nxc3 22. Bxe6 Ne2+ 23. Kb1 Nd4 24. Bg4 c5 25. Bg7 Rhg8 26. Rxh7
Kb6 27. c3 Nc6 28. Be6 Rge8 29. Bf7 Rf8 30. Bxf8 Rxf8 31. Bd5 Bd8 32. Bxc6
Kxc6 33. Kc2 Bb6 34. Rh8 Rf7 35. R1h7 Rd7 36. Rc8+ Kd6 37. Rxd7+ Kxd7 38.
Rb8 Kc7 39. Rf8 Kc6 40. Rxf6+ Kc7 41. g4 {Black resigns} 1-0

[Event "ICC Open 2015"]
[Site "Internet Chess Club"]
[Date "2015.05.29"]
[Round "1"]
[White "gmgattass"]
[Black "Smokie"]
[Result "1-0"]
[ICCResult "Black resigns"]
[WhiteElo "2236"]
[BlackElo "1414"]
[Opening "Sicilian: Hungarian variation"]
[ECO "B27"]
[NIC "SI.43"]
[Time "19:02:33"]
[TimeControl "180+0"]

1. e4 c5 2. Nf3 g6 3. c3 Bg7 4. d4 cxd4 5. Nxd4 Nc6 6. Bc4 d6 7. O-O Nf6 8.
f3 Qb6 9. Kh1 O-O 10. Nb3 Ne5 11. Be2 Be6 12. Nd4 Nc4 13. b3 Ne5 14. Be3 Qa5
15. Nxe6 fxe6 16. Qe1 Rfc8 17. c4 Nfd7 18. Qxa5 {Black resigns} 1-0

[Event "ICC Open 2015"]
[Site "Internet Chess Club"]
[Date "2015.05.29"]
[Round "1"]
[White "garompon"]
[Black "fearlessone"]
[Result "1-0"]
[ICCResult "Black checkmated"]
[WhiteElo "2559"]
[BlackElo "1700"]
[Opening "Mieses opening"]
[ECO "A00"]
[NIC "VO.13"]
[Time "19:01:01"]
[TimeControl "180+0"]

1. d3 d6 2. g3 Nd7 3. Bg2 g6 4. e4 Bg7 5. f4 e6 6. Nf3 Ne7 7. O-O O-O 8. d4
b6 9. c4 Bb7 10. Nc3 Nf6 11. Qe2 h5 12. h3 Re8 13. Be3 Nxe4 14. Nxe4 Bxe4
15. Rad1 Nf5 16. Bf2 Bb7 17. g4 hxg4 18. hxg4 Nh6 19. Ng5 Bxg2 20. Kxg2 Bf6
21. Be3 Kg7 22. Rh1 Rh8 23. Ne4 Be7 24. d5 Qd7 25. Bd4+ f6 26. g5 Ng8 27.
Rxh8 Kxh8 28. gxf6 Nxf6 29. Nxf6 Bxf6 30. Bxf6+ Kg8 31. Qxe6+ Qxe6 32. dxe6
Re8 33. e7 Kf7 34. Bg5 Kg7 35. b4 Kf7 36. c5 bxc5 37. bxc5 Rxe7 38. Bxe7
Kxe7 39. cxd6+ cxd6 40. Rd3 a6 41. Ra3 a5 42. Rxa5 Ke6 43. Rg5 Kf6 44. Kf3
d5 45. Ke3 d4+ 46. Kxd4 Kf7 47. a4 Kf6 48. a5 Ke7 49. a6 Kf6 50. a7 Kf7 51.
a8=Q Kg7 52. Qb7+ Kh6 53. Qc6 Kh7 54. Qxg6+ Kh8 55. Rh5# {Black checkmated}
1-0

[Event "ICC Open 2015"]
[Site "Internet Chess Club"]
[Date "2015.05.29"]
[Round "1"]
[White "mhb"]
[Black "bythebook"]
[Result "1-0"]
[ICCResult "Black forfeits on time"]
[WhiteElo "2595"]
[BlackElo "1715"]
[Opening "Neo-Grünfeld, 6.O-O, main line"]
[ECO "A05"]
[NIC "QP.11"]
[Time "19:01:05"]
[TimeControl "180+0"]

1. Nf3 Nf6 2. g3 g6 3. Bg2 Bg7 4. O-O d5 5. c4 c6 6. cxd5 cxd5 7. d4 O-O 8.
Ne5 Nbd7 9. Nc3 e6 10. Bg5 h6 11. Nxd7 Bxd7 12. Bf4 Kh7 13. Bd6 Re8 14. Ba3
a6 15. Na4 Bxa4 16. Qxa4 b5 17. Qb3 Rc8 18. e3 Rc4 19. Rfd1 Qc7 20. Bf1 Rc6
21. Bb4 Rc8 22. Be1 Ne4 23. a4 Nd6 24. axb5 axb5 25. Ba5 Qb7 26. Bb4 Nc4 27.
Qa2 h5 28. Rdc1 Bh6 29. b3 Nxe3 30. Rxc6 Qxc6 31. fxe3 Bxe3+ 32. Kh1 Bxd4
33. Rd1 Bc5 34. Bxc5 Qxc5 35. Qe2 b4 36. Bg2 d4 37. Rf1 Kg7 38. Qf2 Rc7 39.
Qf6+ Kg8 40. Qd8+ Kg7 41. Be4 d3 42. Qxd3 Qe5 43. Bg2 Rc3 44. Qd7
{Black forfeits on time}
1-0

[Event "ICC Open 2015"]
[Site "Internet Chess Club"]
[Date "2015.05.29"]
[Round "1"]
[White "airantrobo"]
[Black "EpicEffects"]
[Result "0-1"]
[ICCResult "White resigns"]
[WhiteElo "1523"]
[BlackElo "2301"]
[Opening "Benoni: 6.e4"]
[ECO "A65"]
[NIC "BI.38"]
[Time "19:01:14"]
[TimeControl "180+0"]

1. d4 Nf6 2. c4 c5 3. d5 e6 4. Nc3 exd5 5. cxd5 d6 6. e4 g6 7. h3 Bg7 8. Bd3
O-O 9. Nf3 b5 10. Bxb5 Nxe4 11. O-O Nxc3 12. bxc3 Bxc3 13. Rb1 Ba6 14. Bxa6
Nxa6 15. Bh6 Bg7 16. Qd2 Qf6 17. Bg5 Qc3 18. Qxc3 Bxc3 19. Rb7 Rfb8 20.
Rxb8+ Rxb8 21. Be7 Rb6 22. Rc1 Bg7 23. g4 Nb4 24. g5 Nxd5 25. Bd8 Rb8 26.
Ba5 Nf4 27. Kh2 Rb2 28. Kg3 Nd3 29. Rf1 Rxa2 30. Bc7 d5 31. Bd6 c4 32. Nh2
Be5+ 33. Bxe5 Nxe5 34. Nf3 Ra3 {White resigns} 0-1

[Event "ICC Open 2015"]
[Site "Internet Chess Club"]
[Date "2015.05.29"]
[Round "1"]
[White "nihil95"]
[Black "isodung"]
[Result "0-1"]
[ICCResult "White resigns"]
[WhiteElo "1716"]
[BlackElo "2623"]
[Opening "Caro-Kann defense"]
[ECO "B10"]
[NIC "CK.01"]
[Time "19:01:03"]
[TimeControl "180+0"]

1. e4 c6 2. Nf3 d5 3. e5 Bg4 4. d4 Nd7 5. c3 e6 6. Be2 h6 7. O-O Ne7 8. Bf4
Nf5 9. Nbd2 c5 10. h3 Bxf3 11. Nxf3 a6 12. a4 c4 13. b4 Be7 14. Qd2 g5 15.
Bh2 h5 16. Bd1 g4 17. Ne1 Bg5 18. Qe2 gxh3 19. gxh3 Qe7 20. Bc2 Nh4 21. f4
Bh6 22. Qxh5 O-O-O 23. Qe2 Rdg8+ 24. Kh1 f5 25. Rg1 Rxg1+ 26. Kxg1 Qg7+ 27.
Kh1 Rg8 28. b5 Bxf4 29. bxa6 bxa6 30. a5 Bxh2 31. Qxh2 Qg3 32. Ba4 Qxc3 33.
Bxd7+ Kxd7 34. Rb1 Qxd4 35. Rb7+ Kc8 36. Rb6 Qe4+ 37. Ng2 Rxg2 {White
resigns} 0-1

[Event "ICC Open 2015"]
[Site "Internet Chess Club"]
[Date "2015.05.29"]
[Round "1"]
[White "smyslovVchess"]
[Black "lsokol"]
[Result "0-1"]
[ICCResult "White forfeits on time"]
[WhiteElo "1608"]
[BlackElo "2346"]
[Opening "Caro-Kann: advance variation"]
[ECO "B12"]
[NIC "CK.04"]
[Time "19:00:57"]
[TimeControl "180+0"]

1. e4 c6 2. d4 d5 3. e5 Bf5 4. Bd3 Bxd3 5. Qxd3 e6 6. f4 c5 7. c3 Nc6 8. Nf3
Nh6 9. a3 a5 10. O-O Qb6 11. Nbd2 cxd4 12. cxd4 Nf5 13. Nb3 a4 14. Nc5 Bxc5
15. dxc5 Qxc5+ 16. Kh1 O-O 17. Bd2 d4 18. Rfc1 Qd5 19. Rc4 Rfd8 20. Rac1 h6
21. Rc5 Qb3 22. Ne1 Qxd3 23. Nxd3 Rd7 24. R1c4 Ra6 25. g4 Ne3 26. Rc1 Nxg4
27. Kg2 Rb6 28. Bb4 Ne3+ 29. Kf3 Nd5 30. Ke4 Ndxb4 31. axb4 Nxb4 32. Rc8+
Kh7 33. Nc5 Rd5 {White forfeits on time} 0-1

[Event "ICC Open 2015"]
[Site "Internet Chess Club"]
[Date "2015.05.29"]
[Round "1"]
[White "iamGodskid"]
[Black "BehindBluEyes"]
[Result "0-1"]
[ICCResult "White forfeits on time"]
[WhiteElo "1417"]
[BlackElo "2243"]
[Opening "Mieses opening"]
[ECO "A00"]
[NIC "VO.13"]
[Time "19:00:56"]
[TimeControl "180+0"]

1. d3 e6 2. g3 d5 3. Bg2 Nf6 4. Nf3 c5 5. Bg5 Nc6 6. Nc3 h6 7. Bxf6 Qxf6 8.
O-O Bd6 9. e4 d4 10. Nb5 Bb8 11. e5 Nxe5 12. Nxe5 Bxe5 13. c4 O-O 14. f4 Bb8
15. Qh5 Qe7 16. Rae1 a6 17. Na3 f5 18. g4 Qf6 19. g5 hxg5 20. fxg5 g6 21. h4
gxh5 22. gxf6 Rxf6 23. Bf3 Bg3 24. Re2 Bd7 25. Rg2 f4 26. Bxh5 Kf8 27. Re1
Ke7 28. Bg4 Bxh4 29. Rh2 Bxe1 30. Rh7+ Rf7 31. Rh6 f3 32. Nc2 f2+ 33. Kf1
Rg8 34. Nxe1 fxe1=Q+ 35. Kxe1 Rxg4 {White forfeits on time} 0-1

[Event "ICC Open 2015"]
[Site "Internet Chess Club"]
[Date "2015.05.29"]
[Round "1"]
[White "NAS"]
[Black "Discoverchess"]
[Result "0-1"]
[ICCResult "White resigns"]
[WhiteElo "1685"]
[BlackElo "2467"]
[Opening "French: Burn variation"]
[ECO "C11"]
[NIC "FR.05"]
[Time "19:01:11"]
[TimeControl "180+0"]

1. e4 e6 2. d4 d5 3. Nc3 Nf6 4. Bg5 dxe4 5. Nxe4 Be7 6. Nxf6+ Bxf6 7. Bxf6
Qxf6 8. Qd2 c5 9. Nf3 O-O 10. O-O-O Nc6 11. Bb5 Nb4 12. Kb1 a6 13. Be2 b6
14. a3 Nd5 15. Ne5 Qxf2 16. dxc5 Qxc5 17. Bd3 f5 18. g3 Ne3 19. Rde1 Nd5 20.
g4 Nf6 21. g5 Nd5 22. g6 h6 23. Rhg1 Qe7 24. Nf7 Rxf7 25. gxf7+ Qxf7 26. Rg2
Bb7 27. Qxh6 Nc3+ 28. bxc3 Bxg2 29. Rg1 gxh6 30. Rxg2+ Kf8 {White resigns}
0-1

[Event "ICC Open 2015"]
[Site "Internet Chess Club"]
[Date "2015.05.29"]
[Round "1"]
[White "truufseir"]
[Black "ShadowLike"]
[Result "0-1"]
[ICCResult "White checkmated"]
[WhiteElo "1510"]
[BlackElo "2275"]
[Opening "Giuoco Pianissimo"]
[ECO "C55"]
[NIC "IG.01"]
[Time "19:00:50"]
[TimeControl "180+0"]

1. e4 e5 2. Nf3 Nc6 3. Bc4 Nf6 4. d3 Bc5 5. Bg5 d6 6. O-O Bg4 7. c3 Bb6 8.
Nbd2 h6 9. Bh4 g5 10. Bg3 Ne7 11. Qb3 Rh7 12. a4 c6 13. Qc2 Nh5 14. d4 Nxg3
15. hxg3 Ng6 16. b4 h5 17. a5 Bc7 18. dxe5 dxe5 19. Rad1 Qe7 20. Nb3 b6 21.
axb6 axb6 22. Ra1 Rd8 23. Ra7 Kf8 24. Rd1 Rxd1+ 25. Qxd1 Kg7 26. b5 c5 27.
Nbd2 h4 28. gxh4 Nxh4 29. Bd5 Ng6 30. Nc4 Qd8 31. Qc1 Qh8 32. Qxg5 Rh1#
{White checkmated}
0-1